 Dungeon Crawl Stone Soup version 0.21-a0-38-g95c5c02 (webtiles) character file.

482 TheGoonsmith the Insei (level 6, -7/49 HPs)
             Began as a Demonspawn Gladiator on May 29, 2017.
             Was an Initiate of Nemelex Xobeh.
             Mangled by a mummy (14 damage)
             ... in an ossuary.
             The game lasted 00:07:04 (4208 turns).

TheGoonsmith the Insei (Demonspawn Gladiator)       Turns: 4208, Time: 00:07:06

Health: -7/49      AC:  8    Str: 15    XL:     6   Next: 87%
Magic:  0/6        EV: 10    Int: 10    God:    Nemelex Xobeh [......]
Gold:   126        SH:  0    Dex: 15    Spells: 5/5 levels left

rFire    . . .     SeeInvis .     - Unarmed
rCold    . . .     Gourm    .   (no shield)
rNeg     + . .     Faith    .   h - +0 scale mail
rPois    .         Spirit   +   c - +0 helmet
rElec    .         Reflect  .   v - +0 cloak
rCorr    .         Harm     .   (no gloves)
MR       .....                  (no boots)
Stlth    ..........             i - amulet of guardian spirit (curse)
Regen    0.2/turn               j - ring of positive energy
MPRegen  0.1/turn               (no ring)

@: very slightly contaminated, invisible
A: claws 2, talons 1
a: Renounce Religion


You were in an ossuary.
You worshipped Nemelex Xobeh.
Nemelex Xobeh was noncommittal.
You were not hungry.

You visited 1 branch of the dungeon, and saw 4 of its levels.
You also visited: Ossuary.

You collected 126 gold pieces.

Inventory:

Hand Weapons
 a - a +1 quarterstaff
Missiles
 d - 3 throwing nets (quivered)
Armour
 b - a +0 leather armour
 c - a +0 helmet (worn)
 h - a +0 scale mail (worn)
 u - a +1 hat
 v - a +0 cloak (worn)
Jewellery
 i - a cursed amulet of guardian spirit (around neck)
 j - a ring of positive energy (left claw)
 q - an uncursed ring of positive energy
Scrolls
 m - 2 scrolls of teleportation
 o - 2 scrolls of amnesia
 r - 2 scrolls of identify
 s - 2 scrolls of magic mapping
Potions
 l - a potion of degeneration
 p - a potion of heal wounds
Comestibles
 n - 2 royal jellies


   Skills:
 + Level 4.5 Fighting
 - Level 3.1 Staves
 - Level 1.7 Throwing
 - Level 2.6 Dodging
 * Level 5.0 Unarmed Combat


You had 5 spell levels left.
You didn't know any spells.

Dungeon Overview and Level Annotations

Branches:
Dungeon (4/15)
 Temple: D:4-7

Altars:
Nemelex Xobeh
Qazlal
Xom


Innate Abilities, Weirdness & Mutations

You have very sharp fingernails.
You have sharp toenails.


Message History

You fade into invisibility!
You are very lightly contaminated with residual magic.
You scratch the mummy.
The mummy is moderately damaged.
The mummy hits you! The mummy closely misses you.
You scratch the mummy. You claw the mummy, but do no damage.
The mummy is heavily damaged.
The mummy barely misses you.
You barely miss the mummy. Your kick misses the mummy.
The mummy is heavily damaged.
The mummy barely misses you. x2; The mummy misses you.
You scratch the mummy but do no damage. Your kick misses the mummy.
The mummy is heavily damaged.
You scratch the mummy.
The mummy is heavily damaged.
The mummy hits you! x2
* * * LOW HITPOINT WARNING * * *
The mummy hits you!
You die...
Your body disappears without a glow.

##+##
#...#
#.∩.#
#...#
#.@.#


#MMM# #.....# #.#.#.# ####### You could see 3 mummies.

Vanquished Creatures
  A phantom (D:4)
  An ogre (D:4)
  Crazy Yiuf (D:3)
  2 orc wizards (D:3)
  Natasha (twice) (D:2)
  A worker ant (D:3)
  A mummy (D:4)
  A gnoll (D:1)
  2 adders
  2 oozes (D:2)
  2 worms
  2 dart slugs
  2 leopard geckos
  6 orcs
  12 bats
  5 giant cockroaches
  16 goblins
  7 hobgoblins
  7 jackals
  6 kobolds
  2 quokkas (D:3)
  A ball python (D:2)
  3 frilled lizards
  10 rats
95 creatures vanquished.

Notes
Turn   | Place    | Note
-------+----------+-------------------------------------------
     0 | D:1      | TheGoonsmith the Demonspawn Gladiator began the quest for the Orb.
     0 | D:1      | Reached XP level 1. HP: 16/16 MP: 1/1
   232 | D:1      | Gained mutation: You have sharp fingernails. [demonic ancestry]
   232 | D:1      | Reached XP level 2. HP: 22/22 MP: 2/2
   302 | D:1      | Reached skill level 1 in Unarmed Combat
   481 | D:1      | Gained mutation: You have very sharp fingernails. [demonic ancestry]
   481 | D:1      | Reached XP level 3. HP: 27/28 MP: 3/3
  1510 | D:2      | Noticed Natasha
  1520 | D:2      | Killed Natasha
  1520 | D:2      | Reached skill level 2 in Unarmed Combat
  1520 | D:2      | Reached XP level 4. HP: 16/35 MP: 4/4
  1740 | D:2      | Found a stormy altar of Qazlal.
  1871 | D:2      | Noticed Natasha
  1877 | D:2      | Killed Natasha
  2159 | D:2      | Gained mutation: You have sharp toenails. [demonic ancestry]
  2159 | D:2      | Reached XP level 5. HP: 41/41 MP: 5/5
  2371 | D:2      | Reached skill level 3 in Unarmed Combat
  2397 | D:3      | Found a faded altar of an unknown god.
  3103 | D:3      | Found a shimmering altar of Xom.
  3552 | D:3      | Found a runed door.
  3556 | D:3      | Noticed Crazy Yiuf
  3568 | D:3      | Killed Crazy Yiuf
  3568 | D:3      | Reached skill level 4 in Unarmed Combat
  3568 | D:3      | Reached XP level 6. HP: 21/48 MP: 6/6
  3854 | D:4      | Found a sparkling altar of Nemelex Xobeh.
  4127 | D:4      | Became a worshipper of Nemelex Xobeh the Trickster
  4172 | D:4      | Found a sand-covered staircase.
  4184 | D:4      | Reached skill level 5 in Unarmed Combat
  4199 | Ossuary  | Entered an ossuary
  4208 | Ossuary  | Mangled by a mummy

Vault maps used:
D:1:      tarquinn_simple_flora_water_f
D:2:      nicolae_qazlal_general_emergency, uniq_natasha
D:3:      lemuel_upstairs_altar, marbit_many_paths,
          chequers_ecumenical_altar_simple_redux, uniq_crazy_yiuf_cottage
D:4:      lemuel_coloured_pillars_altar, first_bread,
          nicolae_ossuary_entry_giza, kennysheep_decorative_pillar,
          minmay_strange_pillars
Ossuary:  ossuary_minmay_chase

Skill      XL: |  1  2  3  4  5  6 |
---------------+-------------------+-----
Staves         | 3 |  3.1
Unarmed Combat | 1 2 4 5 |  5.0
Fighting       | 3 4 |  4.5
Throwing       | |  1.7
Dodging        | |  2.6

Action                   |  1- 3 |  4- 6 || total
-------------------------+-------+-------++-------
Melee: Quarterstaff      |   110 |   175 ||   285
       Kick              |       |    48 ||    48
       Unarmed           |       |    58 ||    58
  Use: Scroll            |       |     9 ||     9
       Potion            |       |     2 ||     2
 Stab: Invisible         |       |     1 ||     1
  Eat: Chunk             |     2 |     6 ||     8
       Bread ration      |       |     1 ||     1
Armor: Leather armour    |     6 |       ||     6
       Scale mail        |    46 |   115 ||   161
Dodge: Dodged            |   102 |   140 ||   242
